 Dungeon Crawl Stone Soup version 0.25-a0-855-g681bda5 (webtiles) character file.

Game seed: 14085514215379966223, levelgen mode: deterministic

44 Illumine the Grasshopper (level 3, -6/32 HPs)
             Began as a Naga Warper on Apr 25, 2020.
             Mangled by a worm (9 damage)
             ... on level 2 of the Dungeon.
             The game lasted 00:04:54 (1513 turns).

Illumine the Grasshopper (Naga Warper)              Turns: 1513, Time: 00:04:55

Health: -6/32      AC:  2    Str: 13    XL:     3   Next: 62%
Magic:  4/6        EV:  9    Int: 14    God:
Gold:   93         SH:  0    Dex: 10    Spells: 3/7 levels left

rFire    . . .     SeeInvis +   a - +0 falchion
rCold    . . .     Gourm    .   (no shield)
rNeg     . . .     Faith    .   b - +0 leather armour
rPois    +         Spirit   .   (no helmet)
rElec    .         Reflect  .   (no cloak)
rCorr    .         Harm     .   (no gloves)
MR       .....                  (no barding)
Stlth    +.........             (no amulet)
HPRegen  0.10/turn              (no ring)
MPRegen  0.10/turn              (no ring)

@: very slow
A: large, see invisible, deformed body, poison resistance, slowness 2, slow
metabolism 1, spit poison 1, AC +1
a: Spit Poison


You were on level 2 of the Dungeon.
You were not hungry.

You visited 1 branch of the dungeon, and saw 2 of its levels.

You collected 93 gold pieces.

Inventory:

Hand Weapons
 a - a +0 falchion (weapon)
 n - a +0 vorpal quarterstaff
Missiles
 c - 31 stones
 e - 2 boomerangs of dispersal (quivered)
Armour
 b - a +0 leather armour (worn)
Scrolls
 d - a scroll of blinking
 h - 2 scrolls of remove curse {unknown}
 i - 3 scrolls of magic mapping {unknown}
 j - a scroll of identify {unknown}
 m - a scroll of random uselessness {unknown}
Potions
 g - a potion of stabbing {unknown}
 l - a potion of degeneration {unknown}
 o - 2 potions of resistance {unknown}
Comestibles
 f - 3 rations
 k - a chunk of flesh


   Skills:
 - Level 2.0 Fighting
 + Level 2.7 Long Blades
 + Level 1.8 Throwing
 - Level 0.7 Armour
 - Level 1.5 Dodging
 + Level 2.5 Spellcasting
 + Level 0.3 Charms
 + Level 3.0 Translocations


You had 3 spell levels left.
You knew the following spells:

 Your Spells              Type           Power        Failure   Level  Hunger
a - Blink                 Tloc           N/A          12%         2    ###....
b - Shroud of Golubria    Chrm/Tloc      #.....       22%         2    ###....

Your spell library contained the following spells:

 Spells                   Type           Power        Failure   Level  Hunger
 Gell's Gravitas          Tloc           ##........   24%         3    ###....
 Lesser Beckoning         Tloc           ##........   24%         3    ###....
 Teleport Other           Tloc           ##......     24%         3    ###....
 Passage of Golubria      Tloc           N/A          63%         4    #####..


Dungeon Overview and Level Annotations

Branches:
Dungeon (2/15)

Altars:


Innate Abilities, Weirdness & Mutations

You cannot wear boots.
Your serpentine skin is tough. (AC +1)
You have supernaturally acute eyesight. (SInv)
Armour fits poorly on your strangely shaped body.
Your system is resistant to poisons. (rPois)
You cover ground very slowly.
You have a slow metabolism.
You can spit poison.


Message History

Press: ? - help, Shift-Dir - straight line, f/p - kobold
Aim: a kobold, wielding a +0 hand axe You throw a boomerang of dispersal.
The boomerang of dispersal hits the kobold.
The kobold blinks!
The kobold is severely wounded.
The jackal bites you.
* * * LOW HITPOINT WARNING * * *
Unknown command.
You barely miss the jackal.
You have got your breath back.
The jackal closely misses you.
You riposte.
You hit the jackal.
The jackal is severely wounded.
The jackal bites you.
* * * LOW HITPOINT WARNING * * *
Cast which spell? (? or * to list)
Okay, then.
Cast which spell? (? or * to list)
You blink.
The worm bites you!
You die...

#..... .. #.##.. .
#.##.# .# #.##.##.
#K##... #§##..# # ##+#
#h##..###.#.# ##...##
#w##........#
##.....## #@.()†....##
##.......######..##.##
#.........####...## #
+.........'..†...(#
#..(......####.(.##
#.......## ##..#
##.....## #..# ##...##
#..# ##'## #...


You could see a worm, a jackal and a kobold.

Vanquished Creatures
  3 dart slugs
  A leopard gecko (D:1)
  A ball python (D:1)
  4 giant cockroaches
  4 goblins
  2 hobgoblins (D:2)
  3 jackals (D:2)
  A quokka (D:2)
  11 bats
  5 rats
35 creatures vanquished.

Notes
Turn   | Place    | Note
-------+----------+-------------------------------------------
     0 | D:1      | Illumine the Naga Warper began the quest for the Orb.
     0 | D:1      | Reached XP level 1. HP: 19/19 MP: 3/3
    22 | D:1      | Reached skill level 1 in Throwing
   296 | D:1      | Reached XP level 2. HP: 22/26 MP: 5/5
   949 | D:1      | Reached XP level 3. HP: 30/32 MP: 6/6
  1085 | D:2      | Learned a level 2 spell: Blink
  1088 | D:2      | Learned a level 2 spell: Shroud of Golubria
  1366 | D:2      | Upgraded the game from 0.25-a0-843-g6944ee3 to
                  | 0.25-a0-855-g681bda5
  1513 | D:2      | Mangled by a worm

Levels and vault maps discovered:
D:1:      lemuel_arrival_lava_pool, layout_loops_ring, minmay_misc_feat_plants
D:2:      minmay_angry_zag, layout_loops_corners,
          chequers_ecumenical_altar_island

Skill      XL: |  1 |
---------------+----+-----
Throwing       | 1 |  1.8
Fighting       | |  2.0
Long Blades    | |  2.7
Armour         | |  0.7
Dodging        | |  1.5
Spellcasting   | |  2.5
Charms         | |  0.3
Translocations | |  3.0

Action                   || total
-------------------------++-------
Melee: Falchion          ||   107
Throw: Boomerang         ||     3
 Cast: Blink             ||     1
 Abil: Spit Poison       ||     4
  Eat: Chunk             ||     1
Armor: Leather armour    ||    47
Dodge: Dodged            ||    80
       Rpst.: Falchion   ||    31

Table legend:
 A = Non-vault XP
 B = Vault XP
 C = Vault XP percentage of total XP
 D = Non-vault monster count
 E = Vault monster count
 F = Vault count percentage of total count
                 A         B        C        D         E       F
            +---------+---------+-------+---------+---------+-------
      Total |      61 |       3 |   4.7 |      33 |       2 |   5.7
            +---------+---------+-------+---------+---------+-------
        D:1 |      38 |       0 |   0.0 |      21 |       0 |   0.0
        D:2 |      23 |       3 |  11.5 |      12 |       2 |  14.3
            +---------+---------+-------+---------+---------+-------
